 Dungeon Crawl Stone Soup version 0.25-a0-701-gb30f108f01 (webtiles) character file.

Game seed: 18295974410456746151, levelgen mode: deterministic

259 Amnesiac the Vexing (level 5, 0/28 HPs)
             Began as a Deep Elf Enchanter on Apr 4, 2020.
             Was a Follower of Ashenzari.
             Slain by p0werm0de's ghost (2 damage)
             ... on level 3 of the Dungeon.
             The game lasted 00:07:50 (2977 turns).

Amnesiac the Vexing (Deep Elf Enchanter)            Turns: 2977, Time: 00:07:51

Health: 0/28       AC:  4    Str:  5    XL:     5   Next: 95%
Magic:  8/13       EV: 13    Int: 21    God:    Ashenzari [*.....]
Gold:   216        SH:  0    Dex: 15    Spells: 3/12 levels left

rFire    . . .     SeeInvis .   a - +2 dagger (venom) (curse)
rCold    . . .     Gourm    .   (no shield)
rNeg     . . .     Faith    .   b - +0 robe
rPois    .         Spirit   .   (no helmet)
rElec    .         Reflect  .   (no cloak)
rCorr    .         Harm     .   i - +1 pair of gloves
MR       .....                  (no boots)
Stlth    +++.......             (no amulet)
HPRegen  0.09/turn              (no ring)
MPRegen  0.13/turn              (no ring)

@: very slightly contaminated
A: no striking features
a: Curse Item, Scrying, Renounce Religion


You were on level 3 of the Dungeon.
You worshipped Ashenzari.
Ashenzari was aware of your devotion.
You were hungry.

You visited 1 branch of the dungeon, and saw 4 of its levels.

You collected 216 gold pieces.

Inventory:

Hand Weapons
 a - a cursed +2 dagger of venom (weapon)
Armour
 b - a +0 robe (worn)
 i - a +1 pair of gloves (worn)
 m - a +0 pair of boots
 s - a +0 kite shield
Scrolls
 e - 4 scrolls of enchant armour {!r, unknown}
 f - 2 scrolls of identify {!r, unknown}
 h - a scroll of immolation {!r, unknown}
 j - a scroll of magic mapping {!r, unknown}
 k - a scroll of remove curse {!r}
 l - a scroll of fear {!r, unknown}
 n - 2 scrolls of noise {!r, unknown}
 t - a scroll of teleportation {!r, unknown}
Potions
 c - a potion of magic {!q, unknown}
 g - 3 potions of curing {!q, unknown}
 o - a potion of heal wounds {!q, unknown}
 p - a potion of haste {!q, unknown}
 q - a potion of resistance {!q, unknown}
 r - a potion of degeneration {!q, unknown}
 u - a potion of lignification {!q, unknown}
Comestibles
 d - 6 rations


   Skills:
 - Level 2.0 Short Blades
 - Level 3.0 Dodging
 + Level 5.7 Stealth
 + Level 4.4 Spellcasting
 - Level 6.0 Hexes


You had 3 spell levels left.
You knew the following spells:

 Your Spells              Type           Power        Failure   Level  Hunger
a - Ensorcelled Hibernat  Hex/Ice        ###...       4%          2    #......
b - Corona                Hex            ####...      1%          1    None
w - Tukima's Dance        Hex            ####....     3%          3    ##.....
z - Confusing Touch       Hex            ####....     3%          3    ##.....

Your spell library contained the following spells:

 Spells                   Type           Power        Failure   Level  Hunger
 Dazzling Flash           Conj/Hex       ###...       10%         3    ##.....


Dungeon Overview and Level Annotations

Branches:
Dungeon (4/15)
 Temple: D:4-7

Altars:
Ashenzari
Nemelex Xobeh

Annotations:
D:3 p0werm0de's ghost, amateur DDFi


Message History

The dart slug bites you.
Casting: Ensorcelled Hibernation (safe; 4% risk of failure)
Confirm with . or Enter, or press ? or * to list all spells.
Aiming: Ensorcelled Hibernation (safe; 4% risk of failure)
Press: ? - help, Shift-Dir - straight line, f/p - dart slug
Aim: a dart slug (moderately wounded, very poisoned, chance to defeat MR: 65%)
The dart slug resists with significant effort.
You hit the dart slug.
You kill the dart slug!
Found an uncursed leather armour.
You now have 216 gold pieces (gained 12).
e - 4 scrolls labeled EPIUVUPTAWK {!r} (gained 1)
u - a fizzy pink potion {!q} You are feeling hungry.
You open the door.
Found a stone.
Found 2 large rocks and a stone.
There is an open door here.
P0werm0de's ghost turns its malevolent gaze towards you.
Found a cursed kite shield, 3 stones and 3 large rocks.
Press: ? - help, v - describe, . - travel, g - get item
Here: p0werm0de's ghost (fire blocked by a translucent stone wall)
A stone.
The floor.
Casting: Ensorcelled Hibernation (safe; 4% risk of failure)
Confirm with . or Enter, or press ? or * to list all spells.
Okay, then.
Unknown command.
You open the gate.
There is an open door here.
P0werm0de's ghost laughs crazily.
P0werm0de's ghost shouts, "They lied to you.
The Dungeon just goes down and down forever."
There is a stone staircase leading up here.
P0werm0de's ghost turns its malevolent gaze towards you.
P0werm0de's ghost closely misses you.
P0werm0de's ghost whispers, "Everlasting silence awaits you..."
There is a stone staircase leading up here.
There is a stone staircase leading up here.
P0werm0de's ghost misses you.
You climb upwards.
There is a stone staircase leading down here.
You see here an uncursed tower shield.
Casting: Ensorcelled Hibernation (safe; 4% risk of failure)
Confirm with . or Enter, or press ? or * to list all spells.
You miscast Confusing Touch.
You are very lightly contaminated with residual magic.
You feel off-balance for a moment. P0werm0de's ghost barely misses you.
You hit p0werm0de's ghost but do no damage.
P0werm0de's ghost closely misses you.
Casting: Confusing Touch (safe; 3% risk of failure)
Confirm with . or Enter, or press ? or * to list all spells.
Your hands begin to glow red.
P0werm0de's ghost barely misses you.
You hit p0werm0de's ghost but do no damage.
P0werm0de's ghost hits you!
You hit p0werm0de's ghost but do no damage.
You hit p0werm0de's ghost but do no damage.
P0werm0de's ghost hits you!
Ouch! That really hurt!
* * * LOW HITPOINT WARNING * * *
You hit p0werm0de's ghost but do no damage.
P0werm0de's ghost appears confused.
P0werm0de's ghost hits you.
* * * LOW HITPOINT WARNING * * *
P0werm0de's ghost hits you.
You die...

.....#...........................
.....#..........................)
.....#...........##...........#..
.....########....#...............
..##......###....#...............
............##...#...............
.................................
...............>.................
...............)@................
................W................
.....................####........
.....................###.........
.....................##..........
......#..............##..........
.......................<.........
..)...............#..............
#.................#..............


You could see p0werm0de's ghost (confused).

Vanquished Creatures
  Jessica (D:2)
  A worker ant (D:4)
  3 adders
  2 oozes
  5 worms
  5 dart slugs
  4 orcs (D:3)
  A ball python (D:3)
  2 giant cockroaches
  7 hobgoblins
  6 jackals
  8 kobolds
  8 bats
  6 frilled lizards
  2 goblins (D:2)
  5 rats
66 creatures vanquished.

Vanquished Creatures (collateral kills)
  Sigmund (D:2)
1 creature vanquished.

Grand Total: 67 creatures vanquished

Notes
Turn   | Place    | Note
-------+----------+-------------------------------------------
     0 | D:1      | Amnesiac the Deep Elf Enchanter began the quest for the
                  | Orb.
     0 | D:1      | Reached XP level 1. HP: 10/10 MP: 6/6
   108 | D:1      | Reached XP level 2. HP: 15/15 MP: 5/8
   729 | D:2      | Noticed Sigmund
   883 | D:2      | Noticed Jessica
   891 | D:1      | Learned a level 2 spell: Ensorcelled Hibernation
   896 | D:2      | Killed Jessica
   896 | D:2      | Reached XP level 3. HP: 17/19 MP: 7/10
   996 | D:2      | Learned a level 3 spell: Confusing Touch
  1000 | D:2      | Learned a level 3 spell: Tukima's Dance
  1042 | D:2      | Found a shattered altar of Ashenzari.
  1106 | D:2      | Became a worshipper of Ashenzari the Shackled
  1176 | D:2      | Killed Sigmund
  1176 | D:2      | Reached skill level 5 in Stealth
  1176 | D:2      | Reached skill level 5 in Hexes
  1176 | D:2      | Reached XP level 4. HP: 20/24 MP: 2/11
  1176 | D:2      | Reached XP level 5. HP: 24/28 MP: 2/12
  1806 | D:3      | Reached * piety under Ashenzari
  2295 | D:3      | Reached skill level 6 in Hexes
  2531 | D:4      | Found a sparkling altar of Nemelex Xobeh.
  2928 | D:4      | Found a runed translucent gate.
  2928 | D:4      | Found a runed translucent gate.
  2928 | D:4      | Found a runed translucent gate.
  2930 | D:4      | Noticed p0werm0de's ghost (amateur DDFi)
  2977 | D:3      | Slain by p0werm0de's ghost

Levels and vault maps discovered:
D:1:      scummos_arrival_checkerplants, layout_rooms, serial_bayou_ford_a
D:2:      layout_rooms, lemuel_doored_altar, uniq_jessica, uniq_sigmund
D:3:      layout_basic, first_ration, kennysheep_big_empty_room, minmay_cupped
D:4:      layout_loops_corners, overflow_temple_1_default,
          ebering_ghost_rock_garden

Skill      XL: |  1  2  3  4  5 |
---------------+----------------+-----
Dodging        | 3 |  3.0
Stealth        | 4 5 |  5.7
Short Blades   | 2 |  2.0
Hexes          | 5 6 |  6.0
Spellcasting   | 4 |  4.4

Action                   |  1- 3 |  4- 6 || total
-------------------------+-------+-------++-------
Melee: Dagger            |    69 |    75 ||   144
 Cast: Corona            |    17 |       ||    17
       Ensorcelled Hiber |    10 |    42 ||    52
       Tukima's Dance    |     2 |       ||     2
       Confusing Touch   |     1 |     1 ||     2
Invok: Curse Item        |       |     1 ||     1
 Stab: Sleeping          |     8 |    36 ||    44
  Eat: Chunk             |     1 |     6 ||     7
Armor: Robe              |     6 |    19 ||    25
Dodge: Dodged            |    33 |    59 ||    92

Table legend:
 A = Non-vault XP
 B = Vault XP
 C = Vault XP percentage of total XP
 D = Non-vault monster count
 E = Vault monster count
 F = Vault count percentage of total count
                 A         B        C        D         E       F
            +---------+---------+-------+---------+---------+-------
      Total |     206 |     165 |  44.5 |      62 |       5 |   7.5
            +---------+---------+-------+---------+---------+-------
        D:1 |      26 |       0 |   0.0 |      14 |       0 |   0.0
        D:2 |      40 |     160 |  80.0 |      16 |       2 |  11.1
        D:3 |     101 |       5 |   4.7 |      29 |       3 |   9.4
        D:4 |      39 |       0 |   0.0 |       3 |       0 |   0.0
            +---------+---------+-------+---------+---------+-------
